 Dungeon Crawl Stone Soup version 0.30.0-13-g156ef70053 (webtiles) character file.

Game seed: 9598326617031910369

69 SnakkuSnakku7 the Trooper (level 4, -1/28 HPs)
             Began as a Tengu Hexslinger on May 18, 2023.
             Slain by Ijyb
             ... wielding a +0 club
              (5 damage)
             ... on level 3 of the Dungeon.
             The game lasted 00:02:27 (1450 turns).

SnakkuSnakku7 the Trooper (Tengu Hexslinger)        Turns: 1450, Time: 00:02:27

Health: -1/28      AC:  2    Str: 12    XL:     4   Next: 20%
Magic:  6/6        EV: 11    Int: 20    God:
Gold:   91         SH:  4    Dex: 14    Spells: 4/5 levels left

rFire   . . .        a - +0 war axe
rCold   . . .        o - +0 buckler
rNeg    . . .        c - +0 robe
rPois   .            (helmet restricted)
rElec   .            (no cloak)
rCorr   .            (no gloves)
SInv    +            (boots unavailable)
Will    .....        (no amulet)
Stlth   +            k - +6 ring of intelligence
HPRegen 0.24/turn    i - ring of see invisible
MPRegen 0.10/turn

%: no passive effects
@: flying
A: beak, talons 3
a: no special abilities


You were on level 3 of the Dungeon.
You visited 1 branch of the dungeon, and saw 3 of its levels.

You collected 91 gold pieces.

Inventory:

Hand Weapons
 a - a +0 war axe (weapon)
 n - a +0 mace
 q - a +1 sling
Missiles
 r - 5 curare-tipped darts
Armour
 c - a +0 robe (worn)
 o - a +0 buckler (worn)
Jewellery
 i - a ring of see invisible (right hand)
 k - a +6 ring of intelligence (left hand)
 l - a +4 ring of protection
Scrolls
 b - a scroll of poison
 e - a scroll of immolation {unknown}
 h - a scroll of magic mapping {unknown}
 j - a scroll of fear {unknown}
 m - a scroll of teleportation {unknown}
 p - a scroll of blinking {unknown}
 s - a scroll of enchant armour {unknown}
 t - a scroll of torment {unknown}
Potions
 d - a potion of berserk rage {unknown}
 f - a potion of flight
 g - 2 potions of haste {unknown}


   Skills:
 - Level 3.4 Fighting
 + Level 0.5(0.9) Axes
 - Level 1.0(1.1) Maces & Flails
 - Level 2.1 Ranged Weapons
 - Level 2.1 Dodging
 + Level 0.8 Shields
 - Level 1.0 Spellcasting
 - Level 2.1 Hexes


You had 4 spell levels left.
You knew the following spells:

 Your Spells              Type           Power      Damage    Failure   Level
a - Slow                  Hex            36%        N/A       10%         1

Your spell library contained the following spells:

 Spells                   Type           Power      Damage    Failure   Level
 Apportation              Tloc           2%         N/A       24%         1
 Kiss of Death            Conj/Necr      4%         2d5       24%         1
 Magic Dart               Conj           4%         1d3       24%         1
 Confusing Touch          Hex            9%         N/A       30%         3
 Searing Ray              Conj           2%         2d4       36%         2
 Inner Flame              Hex/Fire       5%         N/A       43%         3
 Portal Projectile        Hex/Tloc       10%        N/A       43%         3
 Cause Fear               Hex            4%         N/A       69%         4
 Fulminant Prism          Conj/Hex       2%         3d5       83%         4
 Dispel Undead            Necr           1%         3d6       94%         4
 Alistair's Intoxication  Tmut/Pois      0%         N/A       100%        5


Dungeon Overview and Level Annotations

Branches:
Dungeon (3/15)

Altars:

Annotations:
D:3 Ijyb


Innate Abilities, Weirdness & Mutations

You have a beak for a mouth.
You have claws for feet.


Message History

Ijyb barely misses you.
You hit Ijyb but do no damage. Your kick misses Ijyb.
Ijyb is lightly wounded.
Ijyb hits you with a +0 club. x2
You slash Ijyb!
Ijyb is severely wounded.
Ijyb hits you with a +0 club.
You barely miss Ijyb. You claw Ijyb, but do no damage.
Ijyb is severely wounded.
Ijyb hits you but does no damage. Ijyb hits you with a +0 club.
You are too injured to fight recklessly!
You hit Ijyb but do no damage.
Ijyb is severely wounded.
Ijyb misses you.
You closely miss Ijyb. Your kick misses Ijyb.
Ijyb is severely wounded.
Ijyb hits you with a +0 club. x2
You hit Ijyb but do no damage. You peck Ijyb, but do no damage.
Ijyb is severely wounded.
Ijyb hits you with a +0 club.
* * * LOW HITPOINT WARNING * * *
You barely miss Ijyb.
Ijyb is severely wounded.
Ijyb hits you with a +0 club.
* * * LOW HITPOINT WARNING * * *
You block Ijyb's attack.
You hit Ijyb. You claw Ijyb, but do no damage.
Ijyb is severely wounded.
Ijyb misses you.
You hit Ijyb but do no damage. Your kick misses Ijyb.
Ijyb is severely wounded.
Ijyb hits you with a +0 club.
* * * LOW HITPOINT WARNING * * *
Ijyb closely misses you.
It was a potion of flight.
You feel very buoyant.
You fly up into the air.
Ijyb screams, "Level is mine!
All mine!"
Ijyb hits you with a +0 club.
You die...

#..........
#..######## #..# #
#..####...
#......... #####
###....#.... #...#
#........#.. #...#
#........# #...#
#g@........
##...###.......###.
#'..<.............
##...###.......###
#...# ######+##
#...# #####


You could see Ijyb.

Vanquished Creatures
  An adder (D:2)
  3 dart slugs
  8 ball pythons
  5 bats
  3 endoplasms
  A giant cockroach (D:1)
  3 goblins (D:2)
  6 hobgoblins
  7 jackals
  4 kobolds
  A quokka (D:1)
  A frilled lizard (D:1)
  7 rats
50 creatures vanquished.

Notes
Turn   | Place    | Note
-------+----------+-------------------------------------------
     0 | D:1      | SnakkuSnakku7 the Tengu Hexslinger began the quest for the
                  | Orb.
     0 | D:1      | Reached XP level 1. HP: 12/12 MP: 3/3
    88 | D:1      | Reached skill level 2 in Fighting
    88 | D:1      | Reached XP level 2. HP: 17/17 MP: 4/4
   308 | D:1      | Reached XP level 3. HP: 19/22 MP: 5/5
   402 | D:1      | Reached skill level 3 in Fighting
   416 | D:1      | Found a faded altar of an unknown god.
   900 | D:2      | Reached XP level 4. HP: 23/28 MP: 6/6
   952 | D:2      | Reached skill level 1 in Maces & Flails
  1390 | D:3      | Noticed Ijyb
  1450 | D:3      | Slain by Ijyb

Illustrated notes

Levels and vault maps discovered:
D:1:      minmay_arrival_nine_rooms, layout_rooms,
          hellmonk_ecumenical_altar_dog_temple, chequers_serial_rivers_small_3
D:2:      layout_basic
D:3:      layout_basic, uniq_crazy_yiuf_cottage, uniq_ijyb, uniq_grinder

Skill      XL: |  1  2  3  4 |
---------------+-------------+-----
Fighting       | 2 3 |  3.4
Maces & Flails | 1 |  1.0
Axes           | |  0.5
Ranged Weapons | |  2.1
Dodging        | |  2.1
Shields        | |  0.8
Spellcasting   | |  1.0
Hexes          | |  2.1

Action                     |  1- 3 |  4- 6 || total
---------------------------+-------+-------++-------
  Melee: Mace              |    21 |     5 ||    26
         Peck              |     4 |     5 ||     9
         Kick              |     3 |    11 ||    14
         War axe           |       |    27 ||    27
   Fire: Sling             |    76 |       ||    76
   Cast: Slow              |     2 |       ||     2
    Use: Potion            |       |     1 ||     1
   Stab: Sleeping          |     1 |     3 ||     4
 Armour: Robe              |     8 |     6 ||    14
  Dodge: Dodged            |    46 |    22 ||    68
  Block: Buckler           |     2 |     2 ||     4
